 Dungeon Crawl Stone Soup version 0.19-a0-14-gde87d98 (webtiles) character file.

113 Karasique the Gusty (level 4, -1/24 HPs)
             Began as a Tengu Air Elementalist on Apr 29, 2016.
             Shot with an arrow by a centaur (10 damage)
             ... on level 3 of the Dungeon.
             The game lasted 00:11:45 (2054 turns).

Karasique the Gusty (Tengu Air Elementalist)        Turns: 2054, Time: 00:11:46

Health: -1/24      AC:  8    Str:  9    XL:     4   Next: 96%
Magic:  8/8        EV: 13    Int: 16    God:
Gold:   129        SH:  0    Dex: 14    Spells: 3 memorised, 1 level left

rFire  . . .     SeeInvis .     i - +1 dagger (protect)
rCold  . . .     Gourm    .     a - +0 robe
rNeg   . . .     Faith    .     (no shield)
rPois  .         Spirit   .     (helmet restricted)
rElec  .         Dismiss  .     (no cloak)
rCorr  .         Reflect  .     n - +0 pair of gloves (curse)
SustAt .         Harm     .     (boots unavailable)
MR     .....                    (no amulet)
Stlth  ++........               (no ring)
                                (no ring)

@: not resistant to hostile enchantments, unstealthy
A: beak, talons 3
a: no special abilities


You were on level 3 of the Dungeon.
You were not hungry.

You visited 1 branch of the dungeon, and saw 3 of its levels.

You collected 129 gold pieces.

Inventory:

Hand Weapons
 i - a +1 dagger of protection (weapon)
Armour
 a - a +0 robe (worn)
 n - a cursed +0 pair of gloves (worn)
Wands
 r - a wand of random effects (7/48)
Scrolls
 e - a scroll of magic mapping {unknown}
 f - 2 scrolls of remove curse {unknown}
 g - 3 scrolls of identify {unknown}
 h - 2 scrolls of fog {unknown}
 p - a scroll of blinking {unknown}
 s - a scroll of enchant armour {unknown}
Potions
 j - a potion of agility {unknown}
 l - a potion of curing {unknown}
 m - a potion of might {unknown}
 o - a potion of brilliance {unknown}
 q - a potion of flight {unknown}
 t - a potion of degeneration {unknown}
 u - a potion of ambrosia {unknown}
Books
 b - a book of Air

   Spells                             Type                      Level
   a - Shock                          Conjuration/Air              1
   b - Swiftness                      Charms/Air                   2
   c - Repel Missiles                 Charms/Air                   2
   d - Static Discharge               Conjuration/Air              3
   e - Lightning Bolt                 Conjuration/Air              5
Comestibles
 c - 2 bread rations
 d - 4 chunks of flesh
 k - a meat ration


   Skills:
 + Level 0.8 Fighting
 + Level 2.5 Dodging
 - Level 2.0 Stealth
 * Level 2.3 Spellcasting
 * Level 3.7 Conjurations
 * Level 5.4 Air Magic


You had one spell level left.
You knew the following spells:

 Your Spells              Type           Power        Failure   Level  Hunger
a - Shock                 Conj/Air       ###.         3%          1    #......
b - Swiftness             Chrm/Air       ##......     12%         2    ###....
c - Static Discharge      Conj/Air       ###.....     12%         3    ###....


Dungeon Overview and Level Annotations

Branches:
Dungeon (3/15)

Altars:
Cheibriados
Makhleb
Nemelex Xobeh


Innate Abilities, Weirdness & Mutations

You have a beak for a mouth.
You have claws for feet.


Message History

Casting: Shock
Confirm with . or Enter, or press ? or * to list all spells.
Aiming: Shock
Press: ? - help, Shift-Dir - straight line
Okay, then.
Casting: Shock
Confirm with . or Enter, or press ? or * to list all spells.
Aiming: Shock
Press: ? - help, Shift-Dir - straight line
Okay, then.
The centaur shoots an arrow.
The arrow hits you.
You see here an arrow.
Casting: Shock
Confirm with . or Enter, or press ? or * to list all spells.
Aiming: Shock
Press: ? - help, Shift-Dir - straight line
Okay, then.
The centaur shoots an arrow.
The arrow hits you!
The centaur shoots an arrow.
The arrow hits you!
You die...

####. ##
#########........
#....####.
..........##.####
.c.c...>.
######...##..#
.....c..# ###
#.#####.# #.## ..# #.#
.# #.c### #.# #<# .#
##..(#####.# #.# ..
###.(..##.# #.# #.
####.(@.#####.######.#
###...............#
####..#.#######.#
#.......# #...<...#
#.......# #.>.....#
#########


You could see a centaur.

Vanquished Creatures
  3 adders
  2 oozes (D:2)
  5 worms (D:2)
  2 dart slugs (D:1)
  2 giant geckos (D:1)
  8 bats
  3 giant cockroaches
  3 goblins
  6 hobgoblins
  6 jackals
  A quokka (D:2)
  3 giant newts
  9 kobolds
  6 rats
59 creatures vanquished.

Notes
Turn   | Place    | Note
--------------------------------------------------------------
     0 | D:1      | Karasique the Tengu Air Elementalist began the quest for the Orb.
     0 | D:1      | Reached XP level 1. HP: 10/10 MP: 4/4
   289 | D:1      | Reached XP level 2. HP: 15/15 MP: 1/6
   522 | D:1      | Learned a level 2 spell: Swiftness
   897 | D:1      | Reached XP level 3. HP: 19/19 MP: 3/7
  1124 | D:1      | Learned a level 3 spell: Static Discharge
  1158 | D:2      | Found a sparkling altar of Nemelex Xobeh.
  1165 | D:2      | Reached skill level 5 in Air Magic
  1363 | D:2      | Found a snail-covered altar of Cheibriados.
  1464 | D:2      | Reached XP level 4. HP: 21/24 MP: 5/8
  1952 | D:3      | Found a burning altar of Makhleb.
  2046 | D:3      | Noticed a centaur
  2054 | D:3      | Shot with an arrow by a centaur

Vault maps used:
D:1:      dpeg_arrival_refuge
D:2:      cheibriados_altar_1, grunt_decor_one_mirror,
          nemelex_xobeh_ov_fountains_minmay
D:3:      nicolae_overflow_hidden_temple, uniq_terence

Skill      XL: |  1  2  3 |
---------------+----------+-----
Conjurations   | 2 3 |  3.7
Air Magic      | 5 |  5.4
Fighting       | |  0.8
Dodging        | |  2.5
Stealth        | |  2.0
Spellcasting   | |  2.3

Action                   |  1- 3 |  4- 6 || total
-------------------------+-------+-------++-------
Melee: Unarmed           |     6 |       ||     6
       Kick              |    11 |    12 ||    23
       Dagger            |    29 |    39 ||    68
       Peck              |     5 |     3 ||     8
 Cast: Shock             |    60 |    18 ||    78
       Static Discharge  |     1 |     2 ||     3
 Stab: Sleeping          |       |     2 ||     2
  Eat: Chunk             |     3 |     2 ||     5
Armor: Robe              |    13 |    17 ||    30
Dodge: Dodged            |    35 |    48 ||    83
